Map: Sequencer LE

Players

Serral - Winner!

  • Race: Zerg Zerg
  • Spawn Location: 7:00

TRUE

  • Race: Zerg Zerg
  • Spawn Location: 1:00

Event: WCS Valencia 2017

VOD

Have the link to the VOD?

Description

Time

  • Played on: July 15, 2017, 5:35 a.m.
  • Length: 19:23

All games in this series

Show
View Real Time Build Order
Export as new Build Order

Serral Zerg - Winner!

Build Orders: Hatch First 

Get SALT Encoding   

  12  0:00  Drone  
  13  0:13  Overlord  
  13  0:18  Drone  
  14  0:32  Drone x2  
  14  0:35  Drone  
  17  0:52  Hatchery  
  17  0:55  Drone  
  17  1:08  Spawning Pool  
  16  1:11  Drone  
  16  1:15  Drone  
  18  1:35  Hatchery  
  18  1:37  Drone  
  18  1:41  Drone  
  18  1:44  Drone  
  20  1:56  Queen  
  22  2:04  Queen  
  22  2:06  Zergling x2  
  25  2:11  Spine Crawler  
  25  2:14  Drone  
  25  2:19  Overlord  
  25  2:23  Drone  
  25  2:26  Drone  
  25  2:27  Drone  
  28  2:37  Queen  
  28  2:38  Drone x2  
  28  2:39  Drone  
  34  2:47  Queen  
  34  2:50  Drone  
  38  2:51  Drone  
  38  2:55  Overlord  
  38  2:57  Drone  
  39  3:00  Extractor x2  
  39  3:01  Drone  
  39  3:04  Drone  
  38  3:09  Drone  
  38  3:10  Drone x2  
  41  3:16  Overlord  
  41  3:17  Drone  
  41  3:18  Drone  
  43  3:21  Drone x2  
  46  3:27  Evolution Chamber, Drone  
  46  3:28  Drone  
  46  3:30  Drone  
  47  3:37  Roach Warren  
  46  3:42  Drone x3  
  46  3:47  Evolution Chamber  
  48  3:50  Drone x3  
  51  3:56  Drone, Overlord  
  51  3:57  Drone  
  51  4:01  Zerg Missile Weapons Level 1  
  53  4:06  Extractor, Lair  
  52  4:10  Drone x3  
  52  4:12  Drone  
  52  4:13  Drone  
  52  4:16  Overlord  
  57  4:20  Drone x3  
  60  4:24  Pneumatized Carapace  
  60  4:26  Extractor, Drone x2  
  60  4:28  Drone  
  62  4:31  Extractor  
  62  4:32  Drone  
  62  4:33  Overlord  
  62  4:34  Drone  
  62  4:37  Drone  
  64  4:39  Drone  
  64  4:40  Drone x2  
  64  4:42  Drone  
  68  4:46  Overlord x2  
  68  4:55  Overlord  
  68  4:59  Roach x3  
  74  5:03  Glial Reconstitution, Overseer  
  74  5:06  Roach x3  
  80  5:14  Overlord  
  80  5:17  Roach x5  
  90  5:32  Overlord  
  90  5:38  Overlord  
  90  5:39  Roach  
  90  5:40  Roach x7  
  106  5:47  Spore Crawler  
  106  5:49  Spore Crawler  
  104  5:53  Spore Crawler  
  104  5:55  Infestation Pit, Drone x2  
  103  5:58  Drone x3  
  103  6:03  Drone x3  
  109  6:05  Hatchery  
  108  6:13  Spore Crawler  
  108  6:18  Queen x3  
  107  6:22  Zerg Missile Weapons Level 2  
  107  6:24  Overlord  
  113  6:26  Overlord  
  113  6:29  Overlord  
  113  6:34  Drone  
  114  6:44  Spore Crawler, Infestor  
  114  6:45  Infestor x2  
  119  6:47  Overlord  
  120  6:55  Roach  
  120  6:56  Roach x3  
  128  7:02  Overlord  
  128  7:03  Spore Crawler  
  128  7:06  Spore Crawler  
  126  7:09  Hydralisk Den  
  126  7:13  Burrow  
  126  7:14  Drone, Spine Crawler  
  126  7:15  Overlord  
  125  7:20  Overseer  
  125  7:29  Infestor  
  123  7:34  Infestor  
  123  7:36  Infestor  
  123  7:39  Muscular Augments, Drone x3  
  123  7:40  Ravager  
  123  7:41  Queen  
  123  7:43  Drone x2  
  128  7:44  Drone x2  
  128  7:46  Drone  
  128  7:47  Drone x3  
  134  7:53  Drone x3  
  134  7:54  Extractor  
  136  8:04  Queen x2  
  140  8:07  Extractor, Spine Crawler  
  140  8:09  Hydralisk  
  140  8:10  Hydralisk x7  
  145  8:25  Drone x19  
  145  8:30  Drone x3  
  145  8:33  Drone x2  
  150  8:35  Drone x2  
  150  8:36  Drone  
  150  8:39  Hydralisk  
  150  8:40  Hydralisk x4  
  154  8:53  Hydralisk x3  
  158  9:06  Drone x3  
  158  9:07  Overseer  
  158  9:08  Queen x3  
  167  9:20  Drone  
  167  9:22  Overlord  
  167  9:23  Overlord x5  
  168  9:27  Zerg Ground Armor Level 1  
  168  9:36  Tunneling Claws  
  168  9:38  Overseer  
  168  9:42  Infestor  
  168  9:43  Hydralisk x3  
  168  9:44  Roach  
  168  9:45  Roach  
  178  9:53  Roach x2  
  178  9:54  Roach x3  
  188  10:02  Hive  
  188  10:03  Overseer x2  
  188  10:14  Neural Parasite  
  188  10:20  Roach  
  188  10:21  Roach x5  
  200  10:27  Drone x2, Spine Crawler  
  200  10:28  Spine Crawler  
  196  10:35  Overlord  
  196  10:39  Overseer x2  
  196  10:40  Overseer  
  194  11:06  Roach x11  
  194  11:09  Roach x3  
  200  11:21  Zerg Missile Weapons Level 3  
  200  11:23  Roach x5  
  200  11:24  Roach x3  
  198  11:27  Roach x3  
  198  11:32  Roach x4  
  182  11:33  Roach x13  
  182  11:36  Hydralisk x2  
  182  11:37  Roach x2  
  200  11:44  Roach  
  200  11:45  Roach x3  
  200  11:46  Roach  
  194  11:50  Viper x2  
  194  11:51  Roach x3  
  194  11:59  Viper x3  
  197  12:07  Overseer x2  
  197  12:12  Hydralisk  
  197  12:14  Drone  
  194  12:22  Spine Crawler  
  189  12:23  Spine Crawler  
  189  12:26  Infestor x3  
  188  12:31  Hatchery  
  181  12:47  Hydralisk x3  
  181  12:48  Hydralisk, Roach  
  181  12:49  Roach x9  
  199  12:59  Roach x3  
  197  13:29  Roach x6  
  197  13:41  Drone  
  197  13:42  Roach x3, Drone x2  
  197  13:43  Roach x2  
  197  13:47  Roach  
  200  13:52  Spore Crawler, Spine Crawler x2  
  195  13:56  Roach  
  195  13:57  Roach x2  
  195  13:58  Hydralisk x2  
  195  14:02  Hydralisk x3  
  187  14:03  Hydralisk  
  187  14:09  Hydralisk x2  
  177  14:10  Hydralisk x2  
  177  14:15  Hydralisk x3  
  183  14:22  Roach x2  
  183  14:23  Roach x5  
  188  14:29  Hydralisk x5  
  188  14:30  Hydralisk  
  188  14:32  Roach x3  
  188  14:33  Hydralisk  
  172  14:42  Hydralisk  
  172  14:43  Hydralisk x4, Roach  
  172  14:44  Roach x7  
  184  14:46  Roach x3  
  176  15:00  Roach x5  
  176  15:05  Roach x2  
  184  15:13  Hatchery  
  183  15:20  Roach x6  
  183  15:28  Roach x3  
  175  15:41  Drone x4  
  175  15:42  Drone x3  
  178  15:49  Roach x3  
  184  16:00  Overseer  
  184  16:10  Roach  
  184  16:11  Roach x2, Overlord x2  
  184  16:16  Roach  
  184  16:17  Roach  
  184  16:18  Roach  
  184  16:21  Evolution Chamber, Overlord x2  
  183  16:31  Roach x8  
  199  16:35  Roach x3  
  199  16:39  Hydralisk x5  
  199  16:43  Roach x20  
  197  16:49  Roach  
  197  16:50  Hatchery  
  198  16:56  Hatchery  
  198  17:00  Zerg Ground Armor Level 2  
  197  17:05  Overseer  
  197  17:09  Hydralisk Den  
  197  17:13  Roach x4  
  196  17:23  Roach  
  196  17:24  Roach  
  196  17:50  Roach  
  196  17:51  Roach  
  197  18:02  Roach x2  
  197  18:03  Drone x15  
  197  18:04  Roach x8  
  186  18:22  Roach x7  
  198  18:32  Roach x8  
  190  18:42  Overseer  
  190  18:46  Roach x7  
  197  18:50  Roach x3  
  196  18:58  Roach x2  
Show
View Real Time Build Order
Export as new Build Order

TRUE Zerg 

Build Orders: Hatch First, Lurkers 

Get SALT Encoding   

  12  0:00  Drone  
  13  0:12  Overlord  
  13  0:17  Drone  
  14  0:30  Drone  
  14  0:31  Drone  
  14  0:34  Drone  
  17  0:52  Hatchery  
  17  0:56  Drone  
  17  0:58  Drone  
  17  1:04  Extractor  
  17  1:14  Spawning Pool  
  17  1:16  Drone  
  17  1:20  Drone  
  18  1:27  Drone  
  19  1:38  Overlord  
  19  1:50  Drone  
  20  1:59  Drone  
  20  2:00  Queen  
  23  2:03  Queen  
  23  2:04  Metabolic Boost  
  23  2:08  Drone  
  26  2:11  Drone  
  27  2:16  Zergling x2  
  29  2:22  Drone  
  29  2:26  Drone  
  30  2:33  Drone  
  31  2:42  Hatchery  
  31  2:43  Drone  
  31  2:49  Overlord  
  31  2:53  Evolution Chamber  
  30  3:02  Queen  
  32  3:08  Drone  
  32  3:09  Drone x2  
  32  3:10  Drone x2  
  37  3:18  Zergling x6  
  40  3:23  Lair  
  40  3:28  Overlord  
  40  3:33  Drone x2  
  42  3:34  Drone  
  43  3:42  Overlord  
  43  3:45  Drone  
  43  3:46  Drone x2  
  43  3:47  Drone  
  47  3:48  Drone  
  47  3:50  Drone  
  47  3:52  Drone  
  47  3:54  Drone  
  51  3:55  Extractor  
  51  3:57  Extractor  
  51  3:59  Drone  
  50  4:03  Drone  
  50  4:07  Extractor  
  50  4:10  Drone  
  50  4:14  Drone  
  52  4:18  Drone x2  
  52  4:19  Drone  
  52  4:20  Drone x3  
  58  4:27  Spire, Drone  
  58  4:28  Drone  
  59  4:36  Drone  
  59  4:37  Drone x3  
  63  4:42  Overlord  
  63  4:45  Overseer  
  63  4:49  Overlord x2  
  63  4:50  Extractor  
  63  4:51  Extractor, Zergling x4  
  63  4:54  Zergling x6  
  63  4:59  Overlord  
  66  5:00  Zergling x2  
  66  5:01  Zergling x6  
  70  5:08  Drone x3  
  70  5:09  Drone x2  
  75  5:17  Drone  
  76  5:24  Overlord x2  
  76  5:26  Drone x4  
  80  5:39  Mutalisk x6  
  80  5:41  Mutalisk  
  94  5:45  Mutalisk  
  94  5:47  Mutalisk  
  98  5:50  Overlord  
  98  5:52  Mutalisk  
  100  6:01  Hydralisk Den  
  100  6:02  Mutalisk  
  100  6:09  Zergling x2  
  100  6:10  Zergling x16  
  109  6:14  Overlord  
  109  6:15  Zerg Flyer Weapons Level 1  
  109  6:17  Mutalisk  
  111  6:19  Overlord  
  111  6:24  Mutalisk, Overlord  
  113  6:27  Overlord  
  113  6:30  Overlord  
  113  6:32  Mutalisk  
  113  6:36  Mutalisk  
  116  6:42  Lurker Den  
  111  6:56  Mutalisk  
  111  6:57  Mutalisk  
  114  7:07  Mutalisk x2  
  116  7:10  Hatchery  
  115  7:15  Zergling x2  
  115  7:16  Zergling x20  
  115  7:21  Unknown x2  
  115  7:22  Zergling x2  
  122  7:38  Mutalisk  
  122  7:39  Mutalisk x4  
  126  7:46  Mutalisk  
  126  7:52  Hydralisk x2  
  126  7:53  Hydralisk  
  126  7:54  Zergling x12  
  126  7:56  Hydralisk  
  140  7:59  Hydralisk  
  140  8:04  Hydralisk  
  144  8:07  Hydralisk  
  146  8:15  Hydralisk x2  
  146  8:19  Hydralisk  
  144  8:23  Hydralisk  
  144  8:24  Hydralisk x2  
  151  8:28  Hydralisk  
  151  8:32  Hydralisk x2  
  155  8:41  Zergling x4  
  148  8:47  Zergling x2  
  148  8:48  Zergling x4  
  148  8:53  Zergling x2  
  150  8:55  Drone  
  150  8:57  Lurker x3  
  150  9:06  Drone  
  150  9:07  Queen, Drone x4  
  150  9:08  Lurker x2  
  155  9:13  Unknown x2  
  155  9:26  Zergling x2  
  155  9:27  Zergling x6  
  155  9:30  Overlord  
  159  9:31  Zerg Missile Weapons Level 1, Overlord  
  159  9:37  Overlord  
  159  9:41  Overlord  
  159  9:45  Overlord x2  
  159  9:48  Roach Warren  
  158  9:53  Unknown  
  158  9:54  Unknown x2, Lurker x7  
  158  9:56  Zergling x4  
  158  9:57  Zergling x20  
  177  10:01  Extractor, Zergling x4  
  175  10:10  Pneumatized Carapace  
  172  10:16  Overseer x2  
  172  10:17  Overseer  
  172  10:18  Hatchery  
  172  10:19  Lurker  
  172  10:23  Zergling x6  
  172  10:24  Zergling x12  
  172  10:25  Zergling x10  
  172  10:27  Overseer  
  186  10:29  Lurker  
  186  10:30  Lurker  
  186  10:31  Zergling x2  
  186  10:35  Zergling x4  
  191  10:36  Zergling x4  
  191  10:37  Zergling x4  
  195  10:43  Zergling x2  
  195  10:44  Lurker  
  195  10:46  Glial Reconstitution  
  183  11:09  Overlord  
  183  11:10  Hydralisk x2  
  183  11:11  Hydralisk x2  
  173  11:13  Burrow, Spine Crawler  
  176  11:25  Roach x7  
  189  11:26  Roach x3  
  189  11:28  Roach x4  
  189  11:29  Roach x2  
  189  11:30  Roach x2  
  184  11:38  Roach x2  
  184  11:39  Lurker, Roach x2  
  185  11:45  Lurker  
  179  12:01  Hydralisk  
  179  12:02  Hydralisk x2  
  179  12:04  Unknown x4  
  179  12:07  Drone x2  
  185  12:13  Hydralisk x4  
  185  12:14  Overseer, Hydralisk  
  192  12:15  Drone x2  
  192  12:23  Drone  
  192  12:24  Drone x2, Overlord  
  195  12:33  Zerg Missile Weapons Level 2  
  197  12:37  Lurker x2, Overlord  
  197  12:51  Lurker x2  
  199  12:57  Spine Crawler  
  194  13:06  Lurker x3  
  194  13:07  Lurker  
  194  13:10  Drone x3  
  198  13:21  Drone x2  
  198  13:22  Spine Crawler  
  187  13:27  Roach x14  
  187  13:30  Lurker x2  
  187  13:32  Roach x5  
  187  13:33  Roach x4  
  199  13:55  Roach  
  196  13:56  Roach  
  196  13:57  Roach  
  196  13:58  Roach x2  
  196  13:59  Roach  
  196  14:01  Roach x3  
  193  14:04  Roach  
  193  14:06  Roach x3  
  193  14:08  Roach  
  197  14:12  Roach x2  
  197  14:13  Roach x2  
  197  14:16  Roach  
  196  14:18  Roach  
  196  14:21  Roach  
  187  14:25  Roach  
  187  14:26  Roach  
  187  14:29  Roach  
  188  14:33  Roach  
  188  14:36  Roach  
  187  14:41  Roach x2  
  187  14:43  Roach x4  
  187  14:44  Roach  
  185  14:50  Roach  
  180  14:53  Roach x2  
  180  14:59  Roach  
  158  15:01  Roach  
  158  15:04  Roach  
  148  15:09  Roach  
  148  15:12  Roach  
  150  15:18  Roach  
  150  15:20  Roach  
  148  15:25  Roach  
  129  15:30  Roach  
  129  15:31  Roach  
  118  15:36  Roach  
  118  15:41  Roach  
  121  15:46  Roach  
  123  15:55  Roach x17  
  123  16:03  Ravager x9  
  132  16:05  Roach x3  
  132  16:07  Unknown x4  
  132  16:08  Roach  
  142  16:11  Roach  
  142  16:17  Roach x2  
  142  16:18  Roach  
  148  16:21  Roach  
  148  16:22  Unknown x4  
  148  16:24  Roach  
  152  16:30  Overlord  
  152  16:39  Unknown x3  
  152  16:40  Unknown  
  146  16:47  Roach  
  146  16:48  Roach  
  146  16:51  Roach  
  152  16:55  Roach x2  
  152  16:57  Roach  
  152  16:58  Roach  
  152  17:00  Roach  
  160  17:02  Roach  
  152  17:18  Roach  
  146  17:25  Roach  
  146  17:28  Roach  
  146  17:29  Roach x2  
  136  17:32  Roach  
  136  17:33  Roach  
  136  17:34  Roach  
  136  17:36  Roach  
  136  17:49  Roach x2  
  136  17:51  Roach x2  
  126  18:01  Roach  
  125  18:10  Roach  
  119  18:19  Roach  
  121  18:27  Roach  
  121  18:33  Roach x2  
Tags
 
Add a new tag
Caveats
  • Supply blocks, unpowered buildings, or Contaminate may cause inaccurate times.
  • Supply counts are checked every 10 seconds.